 Dungeon Crawl Stone Soup version 0.25-a0-632-g7713895 (webtiles) character file.

Game seed: 2704448501465343127, levelgen mode: deterministic

84 BlueFish the Sneak (level 4, -5/29 HPs)
             Began as an Octopode Assassin on Mar 19, 2020.
             Slain by a gnoll (8 damage)
             ... on level 2 of the Dungeon.
             The game lasted 00:03:46 (1371 turns).

BlueFish the Sneak (Octopode Assassin)              Turns: 1371, Time: 00:03:46

Health: -5/29      AC:  1    Str: 10    XL:     4   Next: 46%
Magic:  4/4        EV: 13    Int: 13    God:
Gold:   39         SH:  0    Dex: 14    Spells: 3/3 levels left

rFire    . . .     SeeInvis .   a - +2 dagger
rCold    . . .     Gourm    .   (no shield)
rNeg     . . .     Faith    .   (helmet restricted)
rPois    .         Spirit   .   (no amulet)
rElec    .         Reflect  .   (no ring)
rCorr    .         Harm     .   (no ring)
MR       .....                  (no ring)
Stlth    +++++.....             (no ring)
HPRegen  0.09/turn              (no ring)
MPRegen  0.09/turn              (no ring)
                                (no ring)
                                (no ring)

@: no status effects
A: almost no armour, stealthy swim, amphibious, 8 rings, constrict 8, camouflage
1, gelatinous body 1
a: no special abilities


You were on level 2 of the Dungeon.
You were not hungry.

You visited 1 branch of the dungeon, and saw 2 of its levels.

You collected 39 gold pieces.

Inventory:

Hand Weapons
 a - a +2 dagger (weapon)
Missiles
 b - 8 poisoned darts (quivered)
 c - 2 curare-tipped darts
Potions
 f - a potion of curing
 h - a potion of lignification {unknown}
 k - a potion of brilliance {unknown}
 l - a potion of heal wounds
Comestibles
 d - 4 rations
 m - 3 chunks of flesh


   Skills:
 + Level 2.0 Fighting
 * Level 2.2 Short Blades
 * Level 2.2 Throwing
 * Level 1.8 Dodging
 * Level 7.2 Stealth


You had 3 spell levels left.
You didn't know any spells.
Your spell library was empty.

Dungeon Overview and Level Annotations

Branches:
Dungeon (2/15)

Altars:
Xom


Innate Abilities, Weirdness & Mutations

You cannot wear most types of armour.
You are very stealthy in the water. (Stealth+)
You are amphibious.
You can wear up to eight rings at the same time.
You can use your tentacles to constrict eight enemies at once.
Your skin changes colour to match your surroundings (Stealth+).
Your rubbery body absorbs attacks. (AC +1, EV +1)


Message History

You constrict the gnoll.
You constrict the gnoll, but do no damage.
You hit the gnoll.
The gnoll is moderately wounded.
You constrict the gnoll, but do no damage. x2
The gnoll hits you.
* * * LOW HITPOINT WARNING * * *
The gnoll hits you.
* * * LOW HITPOINT WARNING * * *
You hit the gnoll.
You squeeze the gnoll, but do no damage.
The gnoll is severely wounded.
You constrict the gnoll.
You constrict the gnoll, but do no damage.
The gnoll misses you.
The gnoll struggles to escape constriction.
You release your grip on the gnoll. x2
The adder hisses angrily.
The gnoll hits you!
You die...

....##≈..♣≈##..............# .
#.......##≈.≈##...............#
..#.......###.##.)........!......
..#..............................
............+..#................
#...#......##..................
#...#......#...gg....###....###
###..†#......#...g.....# .......
.............'..@....S...........
#######......#...........######.#
######......#...........#....#
##...........#...........#....#
.........................#....#+#
....÷÷)..........................
..............##.................
..............##.................
##............##................#


You could see 3 gnolls and an adder.

Vanquished Creatures
  4 adders (D:2)
  A worm (D:2)
  2 leopard geckos (D:1)
  4 bats (D:1)
  3 giant cockroaches (D:1)
  8 goblins
  8 hobgoblins
  4 kobolds
  3 frilled lizards
  3 rats (D:1)
40 creatures vanquished.

Notes
Turn   | Place    | Note
-------+----------+-------------------------------------------
     0 | D:1      | BlueFish the Octopode Assassin began the quest for the Orb.
     0 | D:1      | Reached XP level 1. HP: 14/14 MP: 1/1
    85 | D:1      | Reached XP level 2. HP: 19/19 MP: 2/2
   293 | D:1      | Reached skill level 6 in Stealth
   667 | D:1      | Reached XP level 3. HP: 23/24 MP: 3/3
  1208 | D:2      | Reached XP level 4. HP: 29/29 MP: 4/4
  1217 | D:2      | Reached skill level 7 in Stealth
  1329 | D:2      | Found a shimmering altar of Xom.
  1371 | D:2      | Slain by a gnoll

Levels and vault maps discovered:
D:1:      heliophobic_arrival_enchanted_forest, layout_basic, minmay_cupped
D:2:      layout_basic, xom_redecorated, first_ration, led_sif_pool

Skill      XL: |  1  2  3  4 |
---------------+-------------+-----
Stealth        | 6 7 |  7.2
Fighting       | |  2.0
Short Blades   | |  2.2
Throwing       | |  2.2
Dodging        | |  1.8

Action                   |  1- 3 |  4- 6 || total
-------------------------+-------+-------++-------
Melee: Dagger            |    61 |    26 ||    87
       Constrict         |    20 |     7 ||    27
       Tentacles         |     8 |     2 ||    10
  Use: Scroll            |     4 |       ||     4
       Potion            |     1 |       ||     1
 Stab: Sleeping          |     8 |       ||     8
       Distracted        |     1 |       ||     1
  Eat: Chunk             |     1 |       ||     1
Armor: Skin              |     8 |       ||     8
Dodge: Dodged            |    29 |    15 ||    44

Table legend:
 A = Non-vault XP
 B = Vault XP
 C = Vault XP percentage of total XP
 D = Non-vault monster count
 E = Vault monster count
 F = Vault count percentage of total count
                 A         B        C        D         E       F
            +---------+---------+-------+---------+---------+-------
      Total |     117 |       4 |   3.3 |      38 |       2 |   5.0
            +---------+---------+-------+---------+---------+-------
        D:1 |      45 |       4 |   8.2 |      25 |       2 |   7.4
        D:2 |      72 |       0 |   0.0 |      13 |       0 |   0.0
            +---------+---------+-------+---------+---------+-------
